AoeStats
← IdliDosa

Lombardia

508677549Analyzed
3v3 RM · 8d ago on Sep 23, 2026· 59m 17s· 6 players
Game mode
Random Map
Map size
Normal (6 player)
Population
200
Speed
Normal
Resources
Standard
Victory
Conquest
Starting age
Dark Age
Ending age
Imperial Age
RankedLock teamsTeams togetherTeam positionsShared explorationLock speedFull tech treeHidden civsTurbo modeCheats
Victory
Defeat
🇫🇷 Sicilians · France
1256
+15
🇫🇷 Varangians · France
1217
+17
🇫🇷 Saxons · France
1174
+19
🇹🇼 Byzantines · Taiwan
1264
-18
🇮🇳 Danes · India
1228
-17
🇧🇷 Malians · Brazil
1211
-16
IdliDosa
10:54 Feudal Age
11:41 Double-Bit Axe
11:39 Horse Collar
19:05 Castle Age
17:28 Stone Mining
17:39 Gold Mining
20:20 Bow Saw
20:14 Heavy Plow
21:41 Squires
21:26 Arson
21:44 Scale Mail Armor
21:55 Forging
25:27 Iron Casting
26:12 Chain Mail Armor
25:27 Hamask
28:53 Loom
31:01 Wheelbarrow
30:11 Town Watch
34:28 Imperial Age
33:30 Hand Cart
34:33 Gambesons
34:10 Man-at-Arms
35:32 Conscription
36:03 Plate Mail Armor
36:38 Blast Furnace
36:07 Elite Jomsviking
36:29 Long Swordsman
37:17 Two-Handed Swordsman
37:20 Pikeman
38:00 Halberdier
41:40 Hoardings
42:24 Champion
51:17 Fletching
51:52 Elite Varangian Guard
57:14 Ballistics
57:55 Chemistry
57:01 Siege Engineers
56:18 Capped Ram
57:21 Masonry
57:30 Murder Holes
Berimbolo
11:24 Feudal Age
15:43 Castle Age
14:14 Double-Bit Axe
19:16 Forging
18:59 Arson
19:15 Squires
19:18 Scale Mail Armor
19:54 Horse Collar
20:57 Loom
22:39 Bow Saw
23:06 Wheelbarrow
27:10 Iron Casting
27:25 Chain Mail Armor
30:48 Murder Holes
32:15 Fletching
32:48 Ballistics
32:40 Fortified Wall
35:51 Imperial Age
34:01 Scale Barding Armor
33:56 Bodkin Arrow
35:06 Bloodlines
35:20 Chain Barding Armor
35:03 Husbandry
38:11 Chemistry
38:40 Plate Barding Armor
38:12 Heavy Camel Rider
39:12 Gold Mining
40:33 Farimba
44:00 Cavalier
51:57 Light Cavalry
53:51 Light Cavalry
洗勒烤喔
7:59 Loom
10:17 Feudal Age
13:25 Horse Collar
16:32 Castle Age
15:56 Double-Bit Axe
21:25 Gold Mining
24:28 Wheelbarrow
24:21 Husbandry
25:03 Heavy Plow
27:16 Hand Cart
32:15 Forging
32:12 Scale Barding Armor
35:21 Imperial Age
34:24 Gold Shaft Mining
33:53 Squires
34:18 Chain Barding Armor
34:33 Iron Casting
33:59 Scale Mail Armor
33:49 Fletching
34:17 Bow Saw
35:48 Heavy Camel Rider
36:53 Conscription
36:58 Elite Cataphract
39:39 Crop Rotation
41:17 Logistica
40:45 Cavalier
42:27 Plate Barding Armor
42:07 Chain Mail Armor
42:11 Arson
41:47 Elite Varangian Guard
45:12 Paladin
48:56 Pikeman
50:03 Halberdier
53:36 Thumb Ring
54:26 Plate Mail Armor
54:06 Light Cavalry
54:27 Elite Skirmisher
56:08 Hussar
Don Salluste
11:32 Feudal Age
10:08 Loom
12:27 Double-Bit Axe
12:25 Horse Collar
15:58 Castle Age
17:26 Bow Saw
19:14 Heavy Plow
21:49 Scale Barding Armor
24:47 Chain Barding Armor
24:52 Bloodlines
25:22 Husbandry
27:49 Wheelbarrow
29:35 Hand Cart
30:12 Forging
33:48 Imperial Age
31:29 Gold Mining
32:24 Iron Casting
33:03 Stone Mining
33:33 Vendel Legacy
34:06 Cavalier
36:12 Plate Barding Armor
36:03 Conscription
38:00 Blast Furnace
38:52 Two-Man Saw
38:26 Crop Rotation
40:20 Town Watch
40:44 Caravan
40:58 Masonry
44:39 Light Cavalry
46:30 Hussar
56:49 Fletching
Miel
8:15 Loom
10:02 Feudal Age
12:36 Double-Bit Axe
12:47 Horse Collar
15:45 Castle Age
16:44 Bow Saw
22:39 Gambesons
22:55 Squires
23:13 Scale Mail Armor
23:16 Town Watch
25:32 Wheelbarrow
26:09 Chain Mail Armor
25:53 Arson
27:31 Forging
30:11 Hand Cart
30:43 Iron Casting
31:25 Stone Mining
31:25 Gold Mining
33:30 Heavy Plow
36:44 Imperial Age
36:43 Gold Shaft Mining
38:21 Plate Mail Armor
37:15 Elite Varangian Guard
38:42 Shield Wall
43:39 Conscription
42:41 Clerical Recruitment
44:22 Siege Engineers
44:30 Masonry
44:41 Ballistics
44:13 Fletching
45:23 Caravan
45:54 Coinage
45:25 Bodkin Arrow
58:26 Two-Man Saw
57:57 Crop Rotation
57:25 Capped Ram
58:51 Siege Ram
Edarin
10:33 Feudal Age
12:08 Double-Bit Axe
15:11 Loom
17:45 Castle Age
15:29 Horse Collar
18:21 Wheelbarrow
18:11 Gold Mining
19:18 Bow Saw
20:40 Heavy Plow
24:32 Fletching
26:22 Bodkin Arrow
26:28 Padded Archer Armor
29:38 Leather Archer Armor
29:26 Scale Mail Armor
29:36 Forging
30:50 Hand Cart
30:30 Town Watch
32:23 Gold Shaft Mining
32:16 Squires
32:01 Arson
33:21 Chain Mail Armor
33:42 Iron Casting
33:05 Stone Mining
37:08 Imperial Age
35:07 Scale Barding Armor
36:29 Ballistics
36:20 Masonry
37:52 Bracer
38:53 Chemistry
38:00 Siege Engineers
37:27 Cranequins
37:39 Heavy Mounted Crossbowman
38:22 Husbandry
38:33 Bloodlines
42:00 Conscription
43:28 Hoardings
43:25 Elite Serjeant
44:36 Plate Mail Armor
45:07 Blast Furnace
51:28 Caravan
53:08 Light Cavalry
57:27 Murder Holes
Connection lost

Rejoining the realm…

Still unreachable

The connection could not be restored.

Session expired

The server has moved on; the page needs a fresh start.